Map: Abyssal Reef LE

Players

Strange - Winner!

  • Race: Protoss Protoss
  • Spawn Location: 11:00

Indy

  • Race: Protoss Protoss
  • Spawn Location: 5:00

Event: WCS Valencia 2017

VOD

Have the link to the VOD?

Description

Time

  • Played on: July 13, 2017, 7 a.m.
  • Length: 10:05

All games in this series

Show
View Real Time Build Order
Export as new Build Order

Strange Protoss - Winner!

Build Orders:  

Get SALT Encoding   

  12  0:00  Probe (Chrono Boost)  
  13  0:11  Probe (Chrono Boost)  
  14  0:17  Pylon  
  14  0:22  Probe (Chrono Boost)  
  15  0:35  Probe (Chrono Boost)  
  16  0:36  Gateway  
  16  0:41  Assimilator  
  16  0:46  Probe (Chrono Boost)  
  17  0:51  Assimilator  
  17  0:56  Probe (Chrono Boost)  
  18  1:07  Probe (Chrono Boost), Gateway  
  19  1:17  Probe (Chrono Boost)  
  20  1:24  Cybernetics Core  
  20  1:28  Probe (Chrono Boost)  
  21  1:33  Pylon  
  21  1:39  Probe (Chrono Boost)  
  22  1:49  Probe (Chrono Boost)  
  23  2:01  Mothership Core (Chrono Boost), Adept x2  
  29  2:03  Warp Gate (Chrono Boost)  
  29  2:12  Pylon  
  29  2:19  Probe  
  30  2:30  Stalker x2  
  34  2:57  Nexus  
  34  3:03  Pylon  
  34  3:05  Probe  
  35  3:09  Sentry  
  37  3:13  Sentry  
  39  3:21  Probe  
  38  3:31  Robotics Facility  
  38  3:33  Probe (Chrono Boost)  
  37  3:43  Twilight Council  
  37  3:44  Probe (Chrono Boost)  
  38  3:54  Adept x2  
  42  3:56  Probe (Chrono Boost)  
  43  4:07  Probe (Chrono Boost)  
  43  4:09  Probe (Chrono Boost)  
  45  4:18  Probe (Chrono Boost), Blink (Chrono Boost)  
  45  4:20  Probe (Chrono Boost)  
  47  4:28  Probe (Chrono Boost)  
  47  4:29  Probe (Chrono Boost)  
  47  4:30  Observer  
  46  4:38  Stalker  
  48  4:39  Probe  
  48  4:40  Probe  
  48  4:42  Forge  
  50  4:52  Probe  
  51  4:53  Probe  
  52  5:01  Nexus  
  52  5:04  Pylon, Probe x2  
  54  5:11  Sentry  
  54  5:13  Assimilator  
  56  5:15  Immortal (Chrono Boost)  
  60  5:29  Gateway  
  60  5:30  Gateway  
  60  5:32  Protoss Ground Weapons Level 1 (Chrono Boost)  
  60  5:37  Stalker  
  60  5:41  Pylon  
  60  5:42  Probe  
  63  5:44  Probe  
  63  5:49  Assimilator  
  64  5:54  Probe  
  64  5:56  Probe  
  66  6:00  Stalker x2  
  70  6:05  Pylon  
  70  6:10  Pylon  
  70  6:13  Probe  
  70  6:16  Probe  
  70  6:17  Probe  
  69  6:25  Probe  
  69  6:27  Probe  
  69  6:28  Stalker x2  
  69  6:29  Probe  
  72  6:37  Probe x2  
  73  6:42  Stalker x2  
  75  6:48  Probe x2  
  75  6:49  Probe  
  75  6:50  Immortal  
  77  7:00  Probe  
  82  7:05  Sentry x2, Gateway  
  82  7:06  Probe, Gateway  
  82  7:07  Probe  
  88  7:15  Protoss Ground Weapons Level 2 (Chrono Boost), Probe  
  89  7:18  Probe  
  89  7:19  Probe  
  91  7:26  Pylon  
  91  7:27  Observer, Probe  
  91  7:29  Pylon, Probe  
  93  7:31  Probe  
  95  7:39  Probe x2  
  97  7:45  Gateway  
  97  7:48  Gateway  
  97  7:50  Probe  
  98  7:52  Pylon  
  98  7:56  Sentry x3  
  98  7:57  Stalker, Warp Prism  
  106  8:01  Assimilator  
  106  8:02  Pylon  
  108  8:08  Probe  
  108  8:10  Probe  
  108  8:11  Probe  
  107  8:16  Pylon  
  105  8:20  Probe  
  105  8:21  Probe  
  105  8:23  Probe  
  108  8:27  Stalker x4  
  116  8:50  Pylon  
  116  8:56  Stalker x5  
  116  8:57  Stalker x2  
  116  9:00  Stalker  
  116  9:19  Stalker  
  114  9:25  Stalker x4  
  114  9:26  Stalker x3  
  110  9:49  Stalker x8  
Show
View Real Time Build Order
Export as new Build Order

Indy Protoss 

Build Orders: Blink Stalkers 

Get SALT Encoding   

  12  0:00  Probe (Chrono Boost)  
  13  0:11  Probe (Chrono Boost)  
  14  0:17  Pylon  
  14  0:22  Probe (Chrono Boost)  
  15  0:35  Probe (Chrono Boost)  
  16  0:36  Gateway  
  16  0:42  Assimilator  
  16  0:45  Probe (Chrono Boost)  
  17  0:51  Assimilator  
  17  0:56  Probe (Chrono Boost)  
  18  1:04  Gateway  
  18  1:07  Probe (Chrono Boost)  
  19  1:17  Probe (Chrono Boost)  
  20  1:23  Cybernetics Core  
  20  1:28  Probe (Chrono Boost)  
  21  1:33  Pylon  
  21  1:38  Probe (Chrono Boost)  
  22  1:49  Probe (Chrono Boost)  
  23  2:00  Stalker, Mothership Core (Chrono Boost), Warp Gate  
  27  2:08  Pylon  
  27  2:13  Stalker  
  29  2:18  Probe (Chrono Boost)  
  30  2:46  Nexus  
  29  2:55  Adept  
  29  2:57  Sentry  
  33  3:02  Probe (Chrono Boost)  
  34  3:13  Probe (Chrono Boost)  
  34  3:14  Twilight Council  
  35  3:23  Probe (Chrono Boost)  
  37  3:34  Probe (Chrono Boost)  
  37  3:44  Probe (Chrono Boost)  
  38  3:49  Blink, Robotics Facility  
  38  3:55  Probe (Chrono Boost)  
  39  3:59  Probe (Chrono Boost)  
  40  4:04  Sentry, Stalker  
  40  4:05  Probe (Chrono Boost)  
  40  4:09  Probe (Chrono Boost)  
  46  4:16  Probe (Chrono Boost)  
  47  4:19  Pylon  
  47  4:20  Probe (Chrono Boost)  
  48  4:27  Probe (Chrono Boost)  
  48  4:30  Probe (Chrono Boost)  
  49  4:37  Probe (Chrono Boost), Warp Prism (Chrono Boost)  
  52  4:41  Probe (Chrono Boost)  
  53  4:48  Pylon  
  53  4:49  Probe (Chrono Boost)  
  53  4:52  Probe (Chrono Boost)  
  55  5:00  Probe  
  55  5:03  Probe  
  57  5:09  Immortal (Chrono Boost)  
  57  5:13  Adept  
  63  5:15  Stalker  
  63  5:17  Probe x2 (Chrono Boost)  
  67  5:27  Nexus  
  67  5:31  Probe (Chrono Boost)  
  67  5:32  Probe (Chrono Boost), Pylon  
  69  5:36  Pylon  
  69  5:40  Forge  
  69  5:42  Probe (Chrono Boost)  
  70  5:45  Pylon  
  70  5:48  Assimilator  
  70  5:51  Probe (Chrono Boost), Assimilator  
  70  5:53  Probe (Chrono Boost)  
  72  6:01  Probe (Chrono Boost)  
  73  6:04  Probe (Chrono Boost)  
  73  6:05  Pylon  
  74  6:12  Probe (Chrono Boost)  
  74  6:15  Probe (Chrono Boost)  
  76  6:22  Probe (Chrono Boost)  
  76  6:25  Probe (Chrono Boost), Adept x2  
  76  6:30  Immortal  
  84  6:33  Probe (Chrono Boost)  
  84  6:34  Gateway  
  84  6:36  Probe (Chrono Boost)  
  80  6:40  Gateway  
  80  6:43  Probe (Chrono Boost)  
  80  6:46  Probe (Chrono Boost)  
  80  6:47  Probe (Chrono Boost)  
  83  6:53  Probe (Chrono Boost)  
  78  6:55  Gateway  
  78  6:56  Probe (Chrono Boost)  
  78  6:57  Gateway  
  78  6:58  Protoss Ground Weapons Level 1 (Chrono Boost)  
  79  7:01  Stalker x2  
  79  7:02  Probe, Gateway  
  79  7:07  Immortal  
  88  7:16  Assimilator  
  88  7:17  Assimilator  
  88  7:24  Gateway  
  88  7:27  Probe, Gateway, Adept x2  
  88  7:29  Probe x2  
  93  7:42  Stalker  
  93  7:43  Stalker  
  97  7:47  Warp Prism  
  101  7:57  Robotics Bay  
  99  7:59  Stalker x5  
  99  8:02  Pylon  
  99  8:04  Pylon  
  99  8:05  Pylon  
  109  8:18  Nexus  
  109  8:19  Pylon  
  105  8:28  Pylon, Templar Archives  
  105  8:30  Pylon  
  105  8:37  Stalker  
  105  8:38  Stalker x2  
  111  8:44  Pylon  
  111  8:45  Pylon  
  111  8:50  Disruptor  
  114  8:57  Stalker x4  
  114  9:02  Sentry x3  
  126  9:05  Stalker  
  126  9:06  Stalker  
  120  9:21  Disruptor  
  108  9:25  Sentry x3  
  108  9:26  Stalker x4  
  114  9:43  Stalker x2  
  107  9:47  Probe  
  107  9:49  Zealot, Probe x2  
  107  9:50  Zealot x3, Stalker x3  
Tags
 
Add a new tag
Caveats
  • Supply blocks, unpowered buildings, or Contaminate may cause inaccurate times.
  • Supply counts are checked every 10 seconds.